 Dungeon Crawl Stone Soup version 0.17.1-2-g5865329 (webtiles) character file.

100 Mysteryquy the Sneak (level 4, -5/23 HPs)
             Began as a Vine Stalker Assassin on Jan 27, 2016.
             Slain by Grinder (6 damage)
             ... on level 3 of the Dungeon.
             The game lasted 00:06:59 (1679 turns).

Mysteryquy the Sneak (Vine Stalker Assassin)        Turns: 1679, Time: 00:07:00

Health: -5/23      AC:  3    Str: 18    XL:     4   Next: 73%
Magic:  0/5        EV: 12    Int: 11    God:
Gold:   100        SH:  0    Dex: 16    Spells: 0 memorised, 3 levels left

rFire  . . .     SeeInvis .     p - +0 dagger (holy)
rCold  . . .     Clarity  .     c - +0 robe
rNeg   . . .     SustAt   .     (no shield)
rPois  +         Gourm    .     (no helmet)
rElec  .         Spirit   +     d - +0 cloak
rCorr  .         Warding  .     (no gloves)
rMut   .         Stasis   .     (no boots)
MR     .....                    (no amulet)
Stlth  +++.......               l - +4 ring of strength
                                m - ring of poison resistance

@: not resistant to hostile enchantments, fairly stealthy
A: fangs 2, regeneration 1, magic shield, antimagic bite, no device heal 3, rot
immunity
a: no special abilities


You were on level 3 of the Dungeon.
You were very hungry.

You visited 1 branch of the dungeon, and saw 3 of its levels.

You collected 100 gold pieces.

Inventory:

Hand Weapons
 a - a +2 dagger
 b - a +0 blowgun
 p - a +0 dagger of holy wrath (weapon)
Missiles
 e - 23 poisoned needles
 f - 2 curare-tipped needles
Armour
 c - a +0 robe (worn)
 d - a +0 cloak (worn)
Jewellery
 i - an uncursed ring of see invisible
 l - a +4 ring of strength (right hand)
 m - a ring of poison resistance (left hand)
Scrolls
 h - 2 scrolls of amnesia {unknown}
 k - 2 scrolls of identify {unknown}
 o - a scroll of magic mapping {unknown}
 q - a scroll of fog {unknown}
 t - a scroll of fear {unknown}
Potions
 j - a potion of haste {unknown}
 s - a potion of lignification {unknown}
Comestibles
 g - 4 bread rations
 n - a meat ration
 r - a royal jelly


   Skills:
 + Level 2.3 Fighting
 + Level 2.0 Short Blades
 + Level 2.0 Throwing
 + Level 1.5 Dodging
 + Level 6.4 Stealth


You had 3 spell levels left.
You didn't know any spells.

Dungeon Overview and Level Annotations

Branches:
Dungeon (3/15)

Altars:
Qazlal

Annotations:
D:3 Grinder, Jessica


Innate Abilities, Weirdness & Mutations

You have extremely sharp teeth.
Your natural rate of healing is unusually fast.
When hurt, damage is shared between your health and your magic reserves.
Your bite disrupts and absorbs the magic of your enemies.
Potions and wands cannot restore your health.
You are immune to rotting.


Message History

You are too injured to fight recklessly!
You are too injured to fight recklessly!
You are too injured to fight recklessly!
You are too injured to fight recklessly!
You closely miss Grinder. You bite Grinder.
Grinder's magic leaks into the air.
You drain his magic.
You feel invigorated.
Grinder is lightly wounded.
Grinder falters for a moment.
Jessica casts a spell.
Jessica blinks!
You barely miss Grinder.
Grinder is lightly wounded.
Grinder barely misses you.
You hit Grinder.
Grinder convulses.
Grinder is moderately wounded.
Grinder says, "There's only one good use for a tongue: cutting it out."
Grinder hits you!
* * * LOW HITPOINT WARNING * * *
You writhe in agony.
You die...

........(...###.......
............#.......#
............#.......#
≈.§§................+
#.#§.^###≈..........#
^.#..^###.........###..
^.#(.^..^.)............
.^≈...............####
...._(..........@.#
^≈^....≈^^......5.#
..###§..#.......
#^............
≈§≈.§#...........
§....#..........# ..
#.#####..... #. .....


You could see Grinder.

Vanquished Creatures
  3 adders (D:2)
  An ooze (D:1)
  3 worms (D:2)
  2 giant geckos (D:1)
  A giant cockroach (D:1)
  9 goblins
  10 hobgoblins
  7 jackals
  A quokka (D:2)
  A ball python (D:1)
  7 bats
  3 giant newts
  5 kobolds
  5 rats
58 creatures vanquished.

Notes
Turn   | Place    | Note
--------------------------------------------------------------
     0 | D:1      | Mysteryquy the Vine Stalker Assassin began the quest for the Orb.
     0 | D:1      | Reached XP level 1. HP: 11/11 MP: 2/2
    23 | D:1      | Reached skill level 5 in Stealth
    52 | D:1      | Reached XP level 2. HP: 15/15 MP: 3/3
   285 | D:1      | Reached XP level 3. HP: 10/18 MP: 4/4
   679 | D:2      | Reached skill level 6 in Stealth
   686 | D:2      | Reached skill level 1 in Dodging
   752 | D:2      | Reached XP level 4. HP: 16/23 MP: 5/5
  1660 | D:3      | Found a stormy altar of Qazlal.
  1669 | D:3      | Noticed Grinder
  1677 | D:3      | Noticed Jessica
  1679 | D:3      | HP: 1/23 [Grinder (2)]
  1679 | D:3      | Slain by Grinder

Action                   |  1- 3 |  4- 6 || total
-------------------------+-------+-------++-------
Melee: Dagger            |    96 |    49 ||   145
 Stab: Sleeping          |     9 |     8 ||    17
  Eat: Chunk             |       |     1 ||     1
